COLUMBUS Blue Jackets vs VEGAS Golden Knights

Created - 8 février 2019 at 16:22

Goals
1 2 3 T
COLUMBUS Blue Jackets 1 1 1 3
VEGAS Golden Knights 0 0 1 1
Shots
1 2 3 T
COLUMBUS Blue Jackets 11 13 10 34
VEGAS Golden Knights 17 10 6 33

1st period

1. COLUMBUS Blue Jackets , Michael Frolik 18 (Valtteri Filppula 24, Joel Edmundson 33) at 6:29

Penalties :
No Penalty

2nd period

2. COLUMBUS Blue Jackets , Alex Killorn 14 (Andre Burakovsky 13, Joel Edmundson 34) at 0:27

Penalties :
Zdeno Chara (CLB) for Roughing (Minor) at 5:33, Zack Kassian (VGK) for Holding (Minor) at 12:11, Andre Burakovsky (CLB) for Charging (Minor) at 18:02

3rd period

3. COLUMBUS Blue Jackets , Jori Lehtera 7 (Zdeno Chara 21) at 0:12
4. VEGAS Golden Knights , Mattias Janmark 15 (Jordan Oesterle 8) at 2:40

Penalties :
Brendan Smith (VGK) for Interference (Minor) at 11:18, Nick Bjugstad (VGK) for Holding (Minor) at 18:28

Goalie Stats

Mike Smith (CLB), 32 saves from 33 shots - (0,970), W, 24-17-7, 60:00 minutes
Charlie Lindgren (VGK), 31 saves from 34 shots - (0,912), L, 12-30-7, 60:00 minutes

Players Stats for COLUMBUS Blue Jackets

Player Name              G  A  P  +/- PIM S  H  SB GA TA FO     MP     PP MP  PK MP  
------------------------------------------------------------------------------------
Alex Killorn             1  0  1   1  0   6  0  0  0  0  1/2    18:45   3:20   1:13 
Andre Burakovsky         0  1  1   1  2   2  1  0  0  0  0/4    17:31   3:20   0:00 
Artturi Lehkonen         0  0  0   1  0   2  0  0  0  0  0/0    14:06   3:36   0:16 
Calvin de Haan           0  0  0   0  0   0  1  2  0  0  0/0    15:40   2:10   0:04 
Casey Cizikas            0  0  0   1  0   2  1  0  0  0  15/27  17:03   0:00   2:51 
Gabriel Bourque          0  0  0  -1  0   0  0  0  0  0  0/0     6:18   0:00   0:00 
Jake Dotchin             0  0  0  -1  0   2  1  2  0  0  0/0    17:53   0:35   0:16 
Joel Edmundson           0  2  2   3  0   3  3  3  0  0  0/0    24:40   2:29   2:06 
Jori Lehtera             1  0  1   1  0   3  0  0  0  0  7/13   10:14   0:00   0:00 
Loui Eriksson            0  0  0   1  0   2  0  0  0  0  0/1    24:22   1:52   2:41 
Matt Benning             0  0  0   0  0   0  0  0  0  0  0/0    15:32   0:00   2:06 
Michael Frolik           1  0  1   1  0   2  2  1  0  0  1/2    20:28   0:00   0:39 
Olli Maatta              0  0  0  -1  0   4  0  1  0  0  0/0    21:51   2:59   2:31 
Richard Panik            0  0  0   1  0   1  1  0  0  0  1/1    12:23   2:09   0:00 
Trevor Lewis             0  0  0  -1  0   1  0  0  0  0  5/9     6:35   0:17   0:00 
Valtteri Filppula        0  1  1   1  0   1  4  0  0  0  12/30  21:41   1:52   0:00 
Zdeno Chara              0  1  1   3  2   2  3  1  0  0  0/0    24:23   2:45   0:53 
Zemgus Girgensons        0  0  0  -1  0   1  0  0  0  0  0/1     6:35   0:01   0:16 

Players Stats for VEGAS Golden Knights

Player Name              G  A  P  +/- PIM S  H  SB GA TA FO     MP     PP MP  PK MP  
------------------------------------------------------------------------------------
Antoine Roussel          0  0  0  -1  0   2  2  0  0  0  8/18   12:39   0:00   0:00 
Benoit Pouliot           0  0  0   0  0   2  1  0  0  0  2/4    15:44   0:00   0:00 
Brendan Smith            0  0  0  -1  2   0  1  1  0  0  0/0    15:29   0:00   0:00 
Brenden Dillon           0  0  0  -1  0   2  3  0  0  0  0/0    23:00   1:40   2:25 
Calle Jarnkrok           0  0  0  -1  0   3  0  1  0  0  14/25  21:08   2:18   0:39 
Cody Eakin               0  0  0   0  0   4  2  0  0  0  13/24  18:02   2:18   0:00 
Joel Ward                0  0  0  -1  0   1  0  0  0  0  0/1    12:39   0:00   0:00 
Joonas Donskoi           0  0  0   0  0   1  0  0  0  0  0/1     3:59   0:00   0:00 
Jordan Oesterle          0  1  1  -1  0   1  1  2  0  0  0/0    22:24   2:18   2:49 
Justin Braun             0  0  0  -1  0   1  3  2  0  0  0/0    25:25   2:18   2:33 
Marc Methot              0  0  0   0  0   0  1  6  0  0  0/0    18:50   1:40   2:41 
Markus Granlund          0  0  0   0  0   7  2  0  0  0  2/2    18:42   1:40   1:18 
Matt Stajan              0  0  0   0  0   0  1  0  0  0  7/10    9:50   1:40   4:11 
Mattias Janmark          1  0  1  -1  0   4  0  0  0  0  0/1    23:47   1:40   3:56 
Michael Raffl            0  0  0   0  0   1  1  0  0  0  0/1     4:14   0:00   0:15 
Mike Reilly              0  0  0   0  0   0  1  1  0  0  0/0    14:36   0:00   0:15 
Nick Bjugstad            0  0  0  -1  2   3  2  0  0  0  1/2    21:22   2:18   0:54 
Zack Kassian             0  0  0  -1  2   1  1  0  0  0  1/1    12:38   0:00   0:00 

3 Stars

1 - Joel Edmundson (CLB)
2 - Mike Smith (CLB)
3 - Michael Frolik (CLB)

Power Play

COLUMBUS Blue Jackets - 0 on 3 Attempt(s) - 0,00%
VEGAS Golden Knights - 0 on 2 Attempt(s) - 0,00%

Penalty Kill

COLUMBUS Blue Jackets - 2 on 2 Attempt(s) - 100,00% - Score 0 goal in Penalty Kill
VEGAS Golden Knights - 3 on 3 Attempt(s) - 100,00% - Score 0 goal in Penalty Kill

Team Stat

COLUMBUS Blue Jackets - Hits : 17 - Faceoff Wins : 42 - Blocked Shots : 10 - Penalty Minutes : 4
VEGAS Golden Knights - Hits : 22 - Faceoff Wins : 48 - Blocked Shots : 13 - Penalty Minutes : 6

Official

Referees : Unknown
Linesman : Unknown

Game Notes

No Game Note

Finance

Level 1 -- Attendance: 4799 (79,98%) -- Ticket Income 479 900 $
Level 2 -- Attendance: 3636 (72,72%) -- Ticket Income 218 160 $
Level 3 -- Attendance: 2000 (100,00%) -- Ticket Income 70 000 $
Level 4 -- Attendance: 2780 (69,50%) -- Ticket Income 69 500 $
Luxury Box -- Attendance: 695 (69,50%) -- Ticket Income 139 000 $
Game was played at the T-Mobile Arena.
Total Attendance: 13910 (77,28%)
Total Ticket Income: 976 560 $
Other Income: 380 858 $
Total Income: 1 357 418 $

COLUMBUS Blue Jackets

5 vs 5 Forward 
   Center                   Left Wing                Right Wing               Time % Phy DF OF 
 1 Valtteri Filppula        Loui Eriksson            Michael Frolik           40     0   1  4  
 2 Casey Cizikas            Andre Burakovsky         Alex Killorn             30     1   1  3  
 3 Jori Lehtera             Artturi Lehkonen         Richard Panik            20     0   2  3  
 4 Trevor Lewis             Zemgus Girgensons        Gabriel Bourque          10     1   3  1  

5 vs 5 Defense 
   Defense                  Defense                                           Time % Phy DF OF 
 1 Zdeno Chara              Joel Edmundson                                    40     0   2  3  
 2 Olli Maatta              Jake Dotchin                                      30     0   4  1  
 3 Calvin de Haan           Matt Benning                                      20     0   4  1  
 4 Zdeno Chara              Joel Edmundson                                    10     0   4  1  

PowerPlay Forward 
   Center                   Left Wing                Right Wing               Time % Phy DF OF 
 1 Valtteri Filppula        Loui Eriksson            Richard Panik            60     1   1  3  
 2 Andre Burakovsky         Artturi Lehkonen         Alex Killorn             40     1   1  3  

PowerPlay Defense
   Defense                  Defense                                           Time % Phy DF OF 
 1 Zdeno Chara              Joel Edmundson                                    60     1   1  3  
 2 Olli Maatta              Calvin de Haan                                    40     1   1  3  

Penalty Kill 4 Players Forward 
   Center                   Wing                     Time % Phy DF OF 
 1 Casey Cizikas            Loui Eriksson            60     0   4  1  
 2 Michael Frolik           Alex Killorn             40     0   4  1  

Penalty Kill 4 Players Defense
   Defense                  Defense                  Time % Phy DF OF 
 1 Olli Maatta              Joel Edmundson           60     2   3  0  
 2 Zdeno Chara              Matt Benning             40     2   3  0  

Penalty Kill - 3 Players Forward 
   Forward                                           Time % Phy DF OF 
 1 Casey Cizikas                                     60     0   5  0  
 2 Loui Eriksson                                     40     0   5  0  

Penalty Kill - 3 Players Defense
   Defense                  Defense                  Time % Phy DF OF 
 1 Calvin de Haan           Zdeno Chara              60     1   4  0  
 2 Joel Edmundson           Olli Maatta              40     1   4  0  

4 vs 4 Forward 
   Center                   Wing                     Time % Phy DF OF 
 1 Valtteri Filppula        Michael Frolik           60     0   3  2  
 2 Trevor Lewis             Artturi Lehkonen         40     0   3  2  

4 vs 4 Defense
   Defense                  Defense                  Time % Phy DF OF 
 1 Zdeno Chara              Olli Maatta              60     0   3  2  
 2 Joel Edmundson           Calvin de Haan           40     0   3  2  

Last Minutes Offensive
   Center                   Left Wing                Right Wing               Defense                  Defense                  
   Valtteri Filppula        Andre Burakovsky         Richard Panik            Zdeno Chara              Joel Edmundson           

Last Minutes Defensive
   Center                   Left Wing                Right Wing               Defense                  Defense                  
   Casey Cizikas            Loui Eriksson            Alex Killorn             Zdeno Chara              Joel Edmundson           

Goaltenders
Starting : Mike Smith               
Backup : Jonathan Bernier         

Extra Forwards
Normal : Trevor Lewis, Artturi Lehkonen, Zemgus Girgensons - PP : Trevor Lewis, Artturi Lehkonen - PK : Alex Killorn
Extra Defensemen
Normal : Zdeno Chara, Matt Benning, Olli Maatta - PP : Joel Edmundson - PK : Zdeno Chara, Olli Maatta
Penalty Shots
Michael Frolik, Artturi Lehkonen, Loui Eriksson, Alex Killorn, Trevor Lewis

VEGAS Golden Knights

5 vs 5 Forward 
   Center                   Left Wing                Right Wing               Time % Phy DF OF 
 1 Calle Jarnkrok           Mattias Janmark          Nick Bjugstad            40     1   2  2  
 2 Cody Eakin               Benoit Pouliot           Markus Granlund          30     1   2  2  
 3 Antoine Roussel          Joel Ward                Zack Kassian             25     5   0  0  
 4 Matt Stajan              Joonas Donskoi           Michael Raffl            5      1   2  2  

5 vs 5 Defense 
   Defense                  Defense                                           Time % Phy DF OF 
 1 Jordan Oesterle          Justin Braun                                      40     1   2  2  
 2 Brenden Dillon           Brendan Smith                                     30     1   2  2  
 3 Marc Methot              Mike Reilly                                       20     1   2  2  
 4 Brenden Dillon           Justin Braun                                      10     1   2  2  

PowerPlay Forward 
   Center                   Left Wing                Right Wing               Time % Phy DF OF 
 1 Cody Eakin               Calle Jarnkrok           Nick Bjugstad            60     1   2  2  
 2 Matt Stajan              Mattias Janmark          Markus Granlund          40     1   2  2  

PowerPlay Defense
   Defense                  Defense                                           Time % Phy DF OF 
 1 Justin Braun             Jordan Oesterle                                   60     1   2  2  
 2 Brenden Dillon           Marc Methot                                       40     1   2  2  

Penalty Kill 4 Players Forward 
   Center                   Wing                     Time % Phy DF OF 
 1 Matt Stajan              Mattias Janmark          60     1   2  2  
 2 Nick Bjugstad            Markus Granlund          40     1   2  2  

Penalty Kill 4 Players Defense
   Defense                  Defense                  Time % Phy DF OF 
 1 Jordan Oesterle          Justin Braun             60     1   2  2  
 2 Brenden Dillon           Marc Methot              40     1   2  2  

Penalty Kill - 3 Players Forward 
   Forward                                           Time % Phy DF OF 
 1 Matt Stajan                                       60     1   2  2  
 2 Markus Granlund                                   40     1   2  2  

Penalty Kill - 3 Players Defense
   Defense                  Defense                  Time % Phy DF OF 
 1 Jordan Oesterle          Marc Methot              60     1   2  2  
 2 Brenden Dillon           Justin Braun             40     1   2  2  

4 vs 4 Forward 
   Center                   Wing                     Time % Phy DF OF 
 1 Markus Granlund          Matt Stajan              60     1   2  2  
 2 Nick Bjugstad            Mattias Janmark          40     1   2  2  

4 vs 4 Defense
   Defense                  Defense                  Time % Phy DF OF 
 1 Jordan Oesterle          Marc Methot              60     1   2  2  
 2 Brenden Dillon           Justin Braun             40     1   2  2  

Last Minutes Offensive
   Center                   Left Wing                Right Wing               Defense                  Defense                  
   Calle Jarnkrok           Mattias Janmark          Nick Bjugstad            Jordan Oesterle          Justin Braun             

Last Minutes Defensive
   Center                   Left Wing                Right Wing               Defense                  Defense                  
   Calle Jarnkrok           Mattias Janmark          Nick Bjugstad            Jordan Oesterle          Justin Braun             

Goaltenders
Starting : Charlie Lindgren         
Backup : Chad Johnson             

Extra Forwards
Normal : Markus Granlund, Mattias Janmark, Matt Stajan - PP : Matt Stajan, Markus Granlund - PK : Matt Stajan
Extra Defensemen
Normal : Marc Methot, Jordan Oesterle, Brenden Dillon - PP : Brenden Dillon - PK : Jordan Oesterle, Brenden Dillon
Penalty Shots
Nick Bjugstad, Matt Stajan, Mattias Janmark, Calle Jarnkrok, Markus Granlund


% Time on Ice - COLUMBUS Blue Jackets

Lines # - Real PCT - Wanted PCT - Time Play
Normal Forward
1 - 39% - 40% - 19:49
2 - 28% - 30% - 14:12
3 - 20% - 20% - 10:14
4 - 12% - 10% - 6:18
Normal Defense
1 - 37% - 40% - 18:36
2 - 32% - 30% - 16:21
3 - 27% - 20% - 13:26
4 - 4% - 10% - 2:10
PP Forward
1 - 39% - 60% - 2:09
2 - 61% - 40% - 3:20
PP Defense
1 - 60% - 60% - 3:19
2 - 40% - 40% - 2:10
PK Forward
1 - 84% - 60% - 3:19
2 - 16% - 40% - 0:39
PK Defense
1 - 39% - 60% - 1:32
2 - 61% - 40% - 2:26
PK3 Forward
1 - 0% - 60%
2 - 0% - 40%
PK3 Defense
1 - 0% - 60%
2 - 0% - 40%
44 Forward
1 - 0% - 60%
2 - 0% - 40%
44 Defense
1 - 0% - 60%
2 - 0% - 40%
Last Minute Offensive  - 0:00
Last Minute Defensive  - 0:00
Total
Forward - 60:00
Defense - 60:00

% Time on Ice - VEGAS Golden Knights

Lines # - Real PCT - Wanted PCT - Time Play
Normal Forward
1 - 36% - 40% - 18:11
2 - 31% - 30% - 15:44
3 - 25% - 25% - 12:39
4 - 8% - 5% - 3:59
Normal Defense
1 - 33% - 40% - 16:43
2 - 31% - 30% - 15:30
3 - 28% - 20% - 14:21
4 - 8% - 10% - 3:59
PP Forward
1 - 58% - 60% - 2:18
2 - 42% - 40% - 1:40
PP Defense
1 - 58% - 60% - 2:18
2 - 42% - 40% - 1:40
PK Forward
1 - 76% - 60% - 4:11
2 - 24% - 40% - 1:18
PK Defense
1 - 56% - 60% - 3:04
2 - 44% - 40% - 2:25
PK3 Forward
1 - 0% - 60%
2 - 0% - 40%
PK3 Defense
1 - 0% - 60%
2 - 0% - 40%
44 Forward
1 - 0% - 60%
2 - 0% - 40%
44 Defense
1 - 0% - 60%
2 - 0% - 40%
Last Minute Offensive  - 0:00
Last Minute Defensive  - 0:00
Total
Forward - 60:00
Defense - 60:00

Play-by-Play

1st period


0:01 of 1st period - Calle Jarnkrok wins face-off versus Valtteri Filppula in neutral zone.
0:28 of 1st period - Shot by Nick Bjugstad.
0:28 of 1st period - Stopped by Mike Smith with a rebound.
0:30 of 1st period - Shot by Justin Braun.
0:30 of 1st period - Shot Misses the Net.
0:34 of 1st period - Shot by Mattias Janmark.
0:34 of 1st period - Stopped by Mike Smith without a rebound.
0:35 of 1st period - Cody Eakin wins face-off versus Casey Cizikas in COLUMBUS Blue Jackets zone.
0:42 of 1st period - Shot by Alex Killorn.
0:42 of 1st period - Shot Misses the Net.
0:44 of 1st period - Shot by Andre Burakovsky.
0:44 of 1st period - Deflect By Casey Cizikas.
0:44 of 1st period - Shot Misses the Net.
0:59 of 1st period - Casey Cizikas is hit by Brendan Smith and loses puck.
2:04 of 1st period - Icing by Antoine Roussel.
2:05 of 1st period - Antoine Roussel wins face-off versus Valtteri Filppula in VEGAS Golden Knights zone.
2:25 of 1st period - Icing by Mike Reilly.
2:26 of 1st period - Antoine Roussel wins face-off versus Zemgus Girgensons in VEGAS Golden Knights zone.
2:44 of 1st period - Zemgus Girgensons is hit by Marc Methot.
2:56 of 1st period - Shot by Zemgus Girgensons.
2:56 of 1st period - Shot Blocked by Marc Methot.
3:26 of 1st period - Shot by Michael Frolik.
3:26 of 1st period - Stopped by Charlie Lindgren without a rebound.
3:27 of 1st period - Calle Jarnkrok wins face-off versus Casey Cizikas in VEGAS Golden Knights zone.
3:38 of 1st period - Shot by Mattias Janmark.
3:38 of 1st period - Stopped by Mike Smith without a rebound.
3:39 of 1st period - Valtteri Filppula wins face-off versus Matt Stajan in COLUMBUS Blue Jackets zone.
3:54 of 1st period - Joel Edmundson is hit by Michael Raffl and loses puck.
4:46 of 1st period - Calvin de Haan is hit by Justin Braun.
4:56 of 1st period - Shot by Casey Cizikas.
4:56 of 1st period - Shot Misses the Net.
5:06 of 1st period - Shot by Calle Jarnkrok.
5:06 of 1st period - Stopped by Mike Smith without a rebound.
5:07 of 1st period - Jori Lehtera wins face-off versus Cody Eakin in COLUMBUS Blue Jackets zone.
5:24 of 1st period - Shot by Richard Panik.
5:24 of 1st period - Shot Blocked by Marc Methot.
5:26 of 1st period - Shot by Richard Panik.
5:26 of 1st period - Stopped by Charlie Lindgren with a rebound.
5:32 of 1st period - Shot by Jori Lehtera.
5:32 of 1st period - Stopped by Charlie Lindgren without a rebound.
5:33 of 1st period - Casey Cizikas wins face-off versus Antoine Roussel in VEGAS Golden Knights zone.
5:34 of 1st period - Shot by Andre Burakovsky.
5:34 of 1st period - Deflect By Casey Cizikas.
5:34 of 1st period - Shot Misses the Net.
5:52 of 1st period - Shot by Joel Ward.
5:52 of 1st period - Stopped by Mike Smith without a rebound.
5:53 of 1st period - Calle Jarnkrok wins face-off versus Valtteri Filppula in COLUMBUS Blue Jackets zone.
6:05 of 1st period - Shot by Loui Eriksson.
6:05 of 1st period - Shot Misses the Net.
6:29 of 1st period - Shot by Michael Frolik.
6:29 of 1st period - Goal by Michael Frolik - COLUMBUS Blue Jackets : 1 - VEGAS Golden Knights : 0.
6:30 of 1st period - Casey Cizikas wins face-off versus Cody Eakin in neutral zone.
6:39 of 1st period - Shot by Markus Granlund.
6:39 of 1st period - Stopped by Mike Smith without a rebound.
6:40 of 1st period - Cody Eakin wins face-off versus Jori Lehtera in COLUMBUS Blue Jackets zone.
6:49 of 1st period - Shot by Cody Eakin.
6:49 of 1st period - Shot Misses the Net.
6:55 of 1st period - Shot by Cody Eakin.
6:55 of 1st period - Deflect By Markus Granlund.
6:55 of 1st period - Stopped by Mike Smith without a rebound.
6:56 of 1st period - Calle Jarnkrok wins face-off versus Casey Cizikas in COLUMBUS Blue Jackets zone.
6:56 of 1st period - Calle Jarnkrok is hit by Zdeno Chara.
7:59 of 1st period - Brenden Dillon is hit by Jake Dotchin and loses puck.
8:14 of 1st period - Shot by Brenden Dillon.
8:14 of 1st period - Shot Blocked by Jake Dotchin.
8:16 of 1st period - Shot by Markus Granlund.
8:16 of 1st period - Stopped by Mike Smith without a rebound.
8:17 of 1st period - Antoine Roussel wins face-off versus Jori Lehtera in COLUMBUS Blue Jackets zone.
8:30 of 1st period - Icing by Joel Ward.
8:31 of 1st period - Trevor Lewis wins face-off versus Antoine Roussel in VEGAS Golden Knights zone.
8:42 of 1st period - Shot by Gabriel Bourque.
8:42 of 1st period - Shot Misses the Net.
8:44 of 1st period - Shot by Olli Maatta.
8:44 of 1st period - Stopped by Charlie Lindgren without a rebound.
8:45 of 1st period - Calle Jarnkrok wins face-off versus Valtteri Filppula in VEGAS Golden Knights zone.
8:45 of 1st period - Calle Jarnkrok is hit by Michael Frolik.
9:02 of 1st period - Justin Braun is hit by Joel Edmundson and loses puck.
9:29 of 1st period - Shot by Valtteri Filppula.
9:29 of 1st period - Shot Misses the Net.
10:41 of 1st period - Shot by Alex Killorn.
10:41 of 1st period - Stopped by Charlie Lindgren without a rebound.
10:42 of 1st period - Antoine Roussel wins face-off versus Trevor Lewis in VEGAS Golden Knights zone.
10:49 of 1st period - Shot by Jordan Oesterle.
10:49 of 1st period - Stopped by Mike Smith without a rebound.
10:50 of 1st period - Zack Kassian wins face-off versus Valtteri Filppula in COLUMBUS Blue Jackets zone.
11:05 of 1st period - Shot by Loui Eriksson.
11:05 of 1st period - Shot Misses the Net.
11:13 of 1st period - Loui Eriksson is hit by Antoine Roussel and loses puck.
11:57 of 1st period - Shot by Benoit Pouliot.
11:57 of 1st period - Stopped by Mike Smith with a rebound.
12:05 of 1st period - Shot by Benoit Pouliot.
12:05 of 1st period - Shot Misses the Net.
12:07 of 1st period - Shot by Benoit Pouliot.
12:07 of 1st period - Shot Blocked by Calvin de Haan.
12:31 of 1st period - Shot by Joonas Donskoi.
12:31 of 1st period - Stopped by Mike Smith without a rebound.
12:32 of 1st period - Casey Cizikas wins face-off versus Calle Jarnkrok in COLUMBUS Blue Jackets zone.
12:37 of 1st period - Shot by Alex Killorn.
12:37 of 1st period - Stopped by Charlie Lindgren without a rebound.
12:38 of 1st period - Casey Cizikas wins face-off versus Calle Jarnkrok in VEGAS Golden Knights zone.
13:29 of 1st period - Shot by Markus Granlund.
13:29 of 1st period - Deflect By Cody Eakin.
13:29 of 1st period - Stopped by Mike Smith with a rebound.
14:00 of 1st period - Zdeno Chara is hit by Markus Granlund and loses puck.
14:43 of 1st period - Shot by Richard Panik.
14:43 of 1st period - Shot Blocked by Marc Methot.
14:45 of 1st period - Shot by Jori Lehtera.
14:45 of 1st period - Shot Blocked by Mike Reilly.
14:47 of 1st period - Shot by Jake Dotchin.
14:47 of 1st period - Stopped by Charlie Lindgren without a rebound.
14:48 of 1st period - Trevor Lewis wins face-off versus Calle Jarnkrok in VEGAS Golden Knights zone.
14:56 of 1st period - Gabriel Bourque is hit by Justin Braun and loses puck.
15:11 of 1st period - Shot by Mattias Janmark.
15:11 of 1st period - Stopped by Mike Smith without a rebound.
15:12 of 1st period - Valtteri Filppula wins face-off versus Michael Raffl in COLUMBUS Blue Jackets zone.
15:23 of 1st period - Shot by Jake Dotchin.
15:23 of 1st period - Stopped by Charlie Lindgren without a rebound.
15:24 of 1st period - Jori Lehtera wins face-off versus Calle Jarnkrok in VEGAS Golden Knights zone.
15:32 of 1st period - Shot by Artturi Lehkonen.
15:32 of 1st period - Stopped by Charlie Lindgren without a rebound.
15:33 of 1st period - Calle Jarnkrok wins face-off versus Valtteri Filppula in VEGAS Golden Knights zone.
15:48 of 1st period - Shot by Mattias Janmark.
15:48 of 1st period - Shot Blocked by Jake Dotchin.
16:13 of 1st period - Shot by Mattias Janmark.
16:13 of 1st period - Shot Blocked by Michael Frolik.
17:06 of 1st period - Shot by Markus Granlund.
17:06 of 1st period - Stopped by Mike Smith with a rebound.
17:08 of 1st period - Shot by Jordan Oesterle.
17:08 of 1st period - Shot Misses the Net.
17:10 of 1st period - Shot by Justin Braun.
17:10 of 1st period - Shot Misses the Net.
17:24 of 1st period - Shot by Antoine Roussel.
17:24 of 1st period - Shot Blocked by Zdeno Chara.
17:56 of 1st period - Shot by Casey Cizikas.
17:56 of 1st period - Stopped by Charlie Lindgren without a rebound.
17:57 of 1st period - Trevor Lewis wins face-off versus Joonas Donskoi in VEGAS Golden Knights zone.
18:02 of 1st period - Shot by Zemgus Girgensons.
18:02 of 1st period - Shot Blocked by Brendan Smith.
18:20 of 1st period - Shot by Brendan Smith.
18:20 of 1st period - Shot Misses the Net.
18:25 of 1st period - Matt Stajan is hit by Calvin de Haan and loses puck.
19:29 of 1st period - Icing by Michael Frolik.
19:30 of 1st period - Cody Eakin wins face-off versus Valtteri Filppula in COLUMBUS Blue Jackets zone.
19:31 of 1st period - Shot by Markus Granlund.
19:31 of 1st period - Stopped by Mike Smith without a rebound.
19:32 of 1st period - Benoit Pouliot wins face-off versus Casey Cizikas in COLUMBUS Blue Jackets zone.
19:33 of 1st period - Shot by Cody Eakin.
19:33 of 1st period - Stopped by Mike Smith without a rebound.
19:34 of 1st period - Casey Cizikas wins face-off versus Cody Eakin in COLUMBUS Blue Jackets zone.
19:34 of 1st period - Alex Killorn is hit by Cody Eakin and loses puck.
19:43 of 1st period - Shot by Markus Granlund.
19:43 of 1st period - Stopped by Mike Smith without a rebound.
19:44 of 1st period - Antoine Roussel wins face-off versus Valtteri Filppula in COLUMBUS Blue Jackets zone.
19:44 of 1st period - Justin Braun is hit by Zdeno Chara and loses puck.
Goals for this period are 1 for COLUMBUS Blue Jackets vs 0 for VEGAS Golden Knights.
Shots for this period are 11 for COLUMBUS Blue Jackets vs 17 for VEGAS Golden Knights.

2nd period


0:01 of 2nd period - Casey Cizikas wins face-off versus Mattias Janmark in neutral zone.
0:21 of 2nd period - Shot by Alex Killorn.
0:21 of 2nd period - Stopped by Charlie Lindgren with a rebound.
0:25 of 2nd period - Shot by Andre Burakovsky.
0:25 of 2nd period - Stopped by Charlie Lindgren with a rebound.
0:27 of 2nd period - Shot by Alex Killorn.
0:27 of 2nd period - Goal by Alex Killorn - COLUMBUS Blue Jackets : 2 - VEGAS Golden Knights : 0.
0:28 of 2nd period - Valtteri Filppula wins face-off versus Cody Eakin in neutral zone.
0:34 of 2nd period - Valtteri Filppula is hit by Brenden Dillon and loses puck.
0:53 of 2nd period - Shot by Valtteri Filppula.
0:53 of 2nd period - Shot Misses the Net.
0:55 of 2nd period - Shot by Olli Maatta.
0:55 of 2nd period - Stopped by Charlie Lindgren without a rebound.
0:56 of 2nd period - Casey Cizikas wins face-off versus Calle Jarnkrok in VEGAS Golden Knights zone.
0:59 of 2nd period - Shot by Casey Cizikas.
0:59 of 2nd period - Shot Misses the Net.
1:01 of 2nd period - Shot by Andre Burakovsky.
1:01 of 2nd period - Stopped by Charlie Lindgren without a rebound.
1:02 of 2nd period - Casey Cizikas wins face-off versus Calle Jarnkrok in VEGAS Golden Knights zone.
1:21 of 2nd period - Shot by Nick Bjugstad.
1:21 of 2nd period - Shot Misses the Net.
1:23 of 2nd period - Shot by Mattias Janmark.
1:23 of 2nd period - Deflect By Nick Bjugstad.
1:23 of 2nd period - Shot Blocked by Joel Edmundson.
1:29 of 2nd period - Shot by Calle Jarnkrok.
1:29 of 2nd period - Shot Blocked by Joel Edmundson.
1:31 of 2nd period - Shot by Jordan Oesterle.
1:31 of 2nd period - Shot Blocked by Joel Edmundson.
1:33 of 2nd period - Shot by Justin Braun.
1:33 of 2nd period - Stopped by Mike Smith without a rebound.
1:34 of 2nd period - Richard Panik wins face-off versus Antoine Roussel in COLUMBUS Blue Jackets zone.
1:44 of 2nd period - Icing by Richard Panik.
1:45 of 2nd period - Jori Lehtera wins face-off versus Cody Eakin in COLUMBUS Blue Jackets zone.
2:11 of 2nd period - Jori Lehtera is hit by Mike Reilly and loses puck.
2:16 of 2nd period - Shot by Richard Panik.
2:16 of 2nd period - Shot Misses the Net.
2:18 of 2nd period - Shot by Olli Maatta.
2:18 of 2nd period - Shot Misses the Net.
2:20 of 2nd period - Shot by Olli Maatta.
2:20 of 2nd period - Shot Misses the Net.
2:22 of 2nd period - Shot by Artturi Lehkonen.
2:22 of 2nd period - Stopped by Charlie Lindgren without a rebound.
2:23 of 2nd period - Valtteri Filppula wins face-off versus Antoine Roussel in VEGAS Golden Knights zone.
2:34 of 2nd period - Shot by Loui Eriksson.
2:34 of 2nd period - Stopped by Charlie Lindgren without a rebound.
2:35 of 2nd period - Calle Jarnkrok wins face-off versus Casey Cizikas in VEGAS Golden Knights zone.
2:40 of 2nd period - Shot by Calle Jarnkrok.
2:40 of 2nd period - Stopped by Mike Smith without a rebound.
2:41 of 2nd period - Calle Jarnkrok wins face-off versus Valtteri Filppula in COLUMBUS Blue Jackets zone.
2:41 of 2nd period - Calle Jarnkrok is hit by Joel Edmundson.
2:44 of 2nd period - Mattias Janmark is hit by Zdeno Chara and loses puck.
3:02 of 2nd period - Shot by Mattias Janmark.
3:02 of 2nd period - Shot Misses the Net.
3:10 of 2nd period - Shot by Calle Jarnkrok.
3:10 of 2nd period - Shot Misses the Net.
4:54 of 2nd period - Shot by Trevor Lewis.
4:54 of 2nd period - Deflect By Zemgus Girgensons.
4:54 of 2nd period - Stopped by Charlie Lindgren without a rebound.
4:55 of 2nd period - Valtteri Filppula wins face-off versus Matt Stajan in VEGAS Golden Knights zone.
5:33 of 2nd period - Minor Penalty to Zdeno Chara for Roughing.
5:34 of 2nd period - Cody Eakin wins face-off versus Casey Cizikas in COLUMBUS Blue Jackets zone.
5:43 of 2nd period - Shot by Cody Eakin.
5:43 of 2nd period - Stopped by Mike Smith with a rebound.
6:05 of 2nd period - Shot by Jordan Oesterle.
6:05 of 2nd period - Deflect By Nick Bjugstad.
6:05 of 2nd period - Shot Misses the Net.
6:07 of 2nd period - Shot by Justin Braun.
6:07 of 2nd period - Shot Blocked by Olli Maatta.
6:15 of 2nd period - Shot by Nick Bjugstad.
6:15 of 2nd period - Stopped by Mike Smith without a rebound.
6:16 of 2nd period - Matt Stajan wins face-off versus Casey Cizikas in COLUMBUS Blue Jackets zone.
6:17 of 2nd period - Shot by Marc Methot.
6:17 of 2nd period - Shot Misses the Net.
6:36 of 2nd period - Shot by Brenden Dillon.
6:36 of 2nd period - Stopped by Mike Smith without a rebound.
6:37 of 2nd period - Alex Killorn wins face-off versus Cody Eakin in COLUMBUS Blue Jackets zone.
7:42 of 2nd period - Artturi Lehkonen is hit by Brenden Dillon and loses puck.
7:58 of 2nd period - Richard Panik is hit by Brenden Dillon and loses puck.
8:25 of 2nd period - Shot by Trevor Lewis.
8:25 of 2nd period - Stopped by Charlie Lindgren without a rebound.
8:26 of 2nd period - Matt Stajan wins face-off versus Trevor Lewis in VEGAS Golden Knights zone.
8:57 of 2nd period - Shot by Matt Stajan.
8:57 of 2nd period - Shot Hit the Post.
9:51 of 2nd period - Shot by Calle Jarnkrok.
9:51 of 2nd period - Deflect By Nick Bjugstad.
9:51 of 2nd period - Stopped by Mike Smith without a rebound.
9:52 of 2nd period - Casey Cizikas wins face-off versus Cody Eakin in COLUMBUS Blue Jackets zone.
10:01 of 2nd period - Shot by Casey Cizikas.
10:01 of 2nd period - Stopped by Charlie Lindgren with a rebound.
10:57 of 2nd period - Icing by Loui Eriksson.
10:58 of 2nd period - Calle Jarnkrok wins face-off versus Valtteri Filppula in COLUMBUS Blue Jackets zone.
11:03 of 2nd period - Shot by Mattias Janmark.
11:03 of 2nd period - Shot Blocked by Calvin de Haan.
11:06 of 2nd period - Icing by Matt Benning.
11:07 of 2nd period - Calle Jarnkrok wins face-off versus Valtteri Filppula in COLUMBUS Blue Jackets zone.
11:28 of 2nd period - Shot by Calle Jarnkrok.
11:28 of 2nd period - Shot Hit the Post.
11:57 of 2nd period - Off-side.
11:58 of 2nd period - Cody Eakin wins face-off versus Casey Cizikas in neutral zone.
12:07 of 2nd period - Shot by Benoit Pouliot.
12:07 of 2nd period - Deflect By Cody Eakin.
12:07 of 2nd period - Stopped by Mike Smith without a rebound.
12:08 of 2nd period - Jori Lehtera wins face-off versus Joel Ward in COLUMBUS Blue Jackets zone.
12:08 of 2nd period - Jori Lehtera is hit by Antoine Roussel.
12:11 of 2nd period - Minor Penalty to Zack Kassian for Holding.
12:12 of 2nd period - Matt Stajan wins face-off versus Alex Killorn in VEGAS Golden Knights zone.
12:12 of 2nd period - Matt Stajan is hit by Andre Burakovsky.
13:06 of 2nd period - Olli Maatta is hit by Matt Stajan.
13:30 of 2nd period - Shot by Calvin de Haan.
13:30 of 2nd period - Shot Blocked by Marc Methot.
13:32 of 2nd period - Shot by Valtteri Filppula.
13:32 of 2nd period - Shot Misses the Net.
13:34 of 2nd period - Shot by Olli Maatta.
13:34 of 2nd period - Shot Blocked by Marc Methot.
14:24 of 2nd period - Icing by Jordan Oesterle.
14:25 of 2nd period - Trevor Lewis wins face-off versus Antoine Roussel in VEGAS Golden Knights zone.
14:45 of 2nd period - Shot by Trevor Lewis.
14:45 of 2nd period - Shot Misses the Net.
14:58 of 2nd period - Icing by Zack Kassian.
14:59 of 2nd period - Valtteri Filppula wins face-off versus Antoine Roussel in VEGAS Golden Knights zone.
15:10 of 2nd period - Shot by Michael Frolik.
15:10 of 2nd period - Shot Blocked by Jordan Oesterle.
15:14 of 2nd period - Shot by Loui Eriksson.
15:14 of 2nd period - Shot Blocked by Jordan Oesterle.
15:28 of 2nd period - Justin Braun is hit by Michael Frolik and loses puck.
15:44 of 2nd period - Icing by Justin Braun.
15:45 of 2nd period - Antoine Roussel wins face-off versus Casey Cizikas in VEGAS Golden Knights zone.
15:45 of 2nd period - Antoine Roussel is hit by Casey Cizikas.
16:09 of 2nd period - Shot by Markus Granlund.
16:09 of 2nd period - Deflect By Benoit Pouliot.
16:09 of 2nd period - Stopped by Mike Smith without a rebound.
16:10 of 2nd period - Calle Jarnkrok wins face-off versus Jori Lehtera in COLUMBUS Blue Jackets zone.
16:14 of 2nd period - Icing by Calvin de Haan.
16:15 of 2nd period - Cody Eakin wins face-off versus Jori Lehtera in COLUMBUS Blue Jackets zone.
16:26 of 2nd period - Shot by Markus Granlund.
16:26 of 2nd period - Shot Misses the Net.
16:30 of 2nd period - Shot by Cody Eakin.
16:30 of 2nd period - Shot Misses the Net.
16:32 of 2nd period - Shot by Brenden Dillon.
16:32 of 2nd period - Stopped by Mike Smith without a rebound.
16:33 of 2nd period - Valtteri Filppula wins face-off versus Nick Bjugstad in COLUMBUS Blue Jackets zone.
16:54 of 2nd period - Shot by Michael Frolik.
16:54 of 2nd period - Deflect By Valtteri Filppula.
16:54 of 2nd period - Stopped by Charlie Lindgren without a rebound.
16:55 of 2nd period - Casey Cizikas wins face-off versus Cody Eakin in VEGAS Golden Knights zone.
17:14 of 2nd period - Icing by Benoit Pouliot.
17:15 of 2nd period - Cody Eakin wins face-off versus Valtteri Filppula in VEGAS Golden Knights zone.
17:15 of 2nd period - Cody Eakin is hit by Valtteri Filppula.
17:21 of 2nd period - Cody Eakin is hit by Valtteri Filppula and loses puck.
17:35 of 2nd period - Shot by Loui Eriksson.
17:35 of 2nd period - Stopped by Charlie Lindgren without a rebound.
17:36 of 2nd period - Casey Cizikas wins face-off versus Calle Jarnkrok in VEGAS Golden Knights zone.
17:51 of 2nd period - Shot by Alex Killorn.
17:51 of 2nd period - Deflect By Casey Cizikas.
17:51 of 2nd period - Shot Misses the Net.
17:57 of 2nd period - Shot by Alex Killorn.
17:57 of 2nd period - Stopped by Charlie Lindgren with a rebound.
18:02 of 2nd period - Minor Penalty to Andre Burakovsky for Charging.
18:03 of 2nd period - Casey Cizikas wins face-off versus Matt Stajan in COLUMBUS Blue Jackets zone.
18:32 of 2nd period - Loui Eriksson is hit by Markus Granlund.
18:41 of 2nd period - Icing by Brenden Dillon.
18:42 of 2nd period - Markus Granlund wins face-off versus Michael Frolik in VEGAS Golden Knights zone.
19:06 of 2nd period - Icing by Jordan Oesterle.
19:07 of 2nd period - Casey Cizikas wins face-off versus Cody Eakin in VEGAS Golden Knights zone.
19:08 of 2nd period - Shot by Loui Eriksson.
19:08 of 2nd period - Shot Blocked by Justin Braun.
19:24 of 2nd period - Shot by Calle Jarnkrok.
19:24 of 2nd period - Stopped by Mike Smith without a rebound.
19:25 of 2nd period - Michael Frolik wins face-off versus Calle Jarnkrok in COLUMBUS Blue Jackets zone.
19:37 of 2nd period - Icing by Cody Eakin.
19:38 of 2nd period - Cody Eakin wins face-off versus Casey Cizikas in VEGAS Golden Knights zone.
Goals for this period are 1 for COLUMBUS Blue Jackets vs 0 for VEGAS Golden Knights.
Shots for this period are 13 for COLUMBUS Blue Jackets vs 10 for VEGAS Golden Knights.

3rd period


0:01 of 3rd period - Cody Eakin wins face-off versus Casey Cizikas in neutral zone.
0:12 of 3rd period - Shot by Jori Lehtera.
0:12 of 3rd period - Goal by Jori Lehtera - COLUMBUS Blue Jackets : 3 - VEGAS Golden Knights : 0.
0:13 of 3rd period - Calle Jarnkrok wins face-off versus Valtteri Filppula in neutral zone.
0:40 of 3rd period - Shot by Valtteri Filppula.
0:40 of 3rd period - Shot Blocked by Calle Jarnkrok.
0:50 of 3rd period - Icing by Jake Dotchin.
0:51 of 3rd period - Valtteri Filppula wins face-off versus Benoit Pouliot in COLUMBUS Blue Jackets zone.
0:51 of 3rd period - Olli Maatta is hit by Benoit Pouliot and loses puck.
1:14 of 3rd period - Zdeno Chara is hit by Cody Eakin and loses puck.
1:48 of 3rd period - Off-side.
1:49 of 3rd period - Nick Bjugstad wins face-off versus Jori Lehtera in neutral zone.
2:03 of 3rd period - Off-side.
2:04 of 3rd period - Trevor Lewis wins face-off versus Antoine Roussel in neutral zone.
2:16 of 3rd period - Icing by Gabriel Bourque.
2:17 of 3rd period - Calle Jarnkrok wins face-off versus Trevor Lewis in COLUMBUS Blue Jackets zone.
2:20 of 3rd period - Shot by Mattias Janmark.
2:20 of 3rd period - Shot Misses the Net.
2:28 of 3rd period - Shot by Olli Maatta.
2:28 of 3rd period - Stopped by Charlie Lindgren with a rebound.
2:40 of 3rd period - Shot by Mattias Janmark.
2:40 of 3rd period - Goal by Mattias Janmark - COLUMBUS Blue Jackets : 3 - VEGAS Golden Knights : 1.
2:41 of 3rd period - Cody Eakin wins face-off versus Valtteri Filppula in neutral zone.
3:14 of 3rd period - Shot by Joel Edmundson.
3:14 of 3rd period - Stopped by Charlie Lindgren without a rebound.
3:15 of 3rd period - Casey Cizikas wins face-off versus Calle Jarnkrok in VEGAS Golden Knights zone.
3:28 of 3rd period - Shot by Casey Cizikas.
3:28 of 3rd period - Shot Misses the Net.
3:56 of 3rd period - Matt Benning is hit by Nick Bjugstad and loses puck.
4:08 of 3rd period - Off-side.
4:09 of 3rd period - Cody Eakin wins face-off versus Valtteri Filppula in neutral zone.
4:14 of 3rd period - Markus Granlund is hit by Valtteri Filppula and loses puck.
4:19 of 3rd period - Shot by Joel Edmundson.
4:19 of 3rd period - Shot Misses the Net.
5:15 of 3rd period - Shot by Jori Lehtera.
5:15 of 3rd period - Stopped by Charlie Lindgren with a rebound.
5:23 of 3rd period - Shot by Artturi Lehkonen.
5:23 of 3rd period - Shot Misses the Net.
6:28 of 3rd period - Icing by Casey Cizikas.
6:29 of 3rd period - Casey Cizikas wins face-off versus Antoine Roussel in COLUMBUS Blue Jackets zone.
7:36 of 3rd period - Icing by Justin Braun.
7:37 of 3rd period - Jori Lehtera wins face-off versus Calle Jarnkrok in VEGAS Golden Knights zone.
7:37 of 3rd period - Richard Panik is hit by Jordan Oesterle and loses puck.
8:09 of 3rd period - Shot by Mattias Janmark.
8:09 of 3rd period - Shot Misses the Net.
8:19 of 3rd period - Shot by Nick Bjugstad.
8:19 of 3rd period - Shot Misses the Net.
8:51 of 3rd period - Shot by Joonas Donskoi.
8:51 of 3rd period - Deflect By Michael Raffl.
8:51 of 3rd period - Stopped by Mike Smith without a rebound.
8:52 of 3rd period - Valtteri Filppula wins face-off versus Antoine Roussel in COLUMBUS Blue Jackets zone.
8:54 of 3rd period - Icing by Loui Eriksson.
8:55 of 3rd period - Valtteri Filppula wins face-off versus Antoine Roussel in COLUMBUS Blue Jackets zone.
8:55 of 3rd period - Valtteri Filppula is hit by Zack Kassian.
9:54 of 3rd period - Shot by Mattias Janmark.
9:54 of 3rd period - Shot Misses the Net.
10:06 of 3rd period - Icing by Joel Edmundson.
10:07 of 3rd period - Valtteri Filppula wins face-off versus Benoit Pouliot in COLUMBUS Blue Jackets zone.
11:18 of 3rd period - Minor Penalty to Brendan Smith for Interference.
11:19 of 3rd period - Matt Stajan wins face-off versus Andre Burakovsky in VEGAS Golden Knights zone.
12:08 of 3rd period - Shot by Olli Maatta.
12:08 of 3rd period - Stopped by Charlie Lindgren without a rebound.
12:09 of 3rd period - Markus Granlund wins face-off versus Valtteri Filppula in VEGAS Golden Knights zone.
13:12 of 3rd period - Shot by Artturi Lehkonen.
13:12 of 3rd period - Shot Misses the Net.
13:21 of 3rd period - Icing by Brendan Smith.
13:22 of 3rd period - Antoine Roussel wins face-off versus Trevor Lewis in VEGAS Golden Knights zone.
13:36 of 3rd period - Shot by Antoine Roussel.
13:36 of 3rd period - Stopped by Mike Smith with a rebound.
13:38 of 3rd period - Shot by Joel Ward.
13:38 of 3rd period - Shot Hit the Post.
13:40 of 3rd period - Shot by Zack Kassian.
13:40 of 3rd period - Stopped by Mike Smith with a rebound.
13:51 of 3rd period - Shot by Antoine Roussel.
13:51 of 3rd period - Stopped by Mike Smith without a rebound.
13:52 of 3rd period - Cody Eakin wins face-off versus Loui Eriksson in COLUMBUS Blue Jackets zone.
14:39 of 3rd period - Benoit Pouliot is hit by Richard Panik and loses puck.
14:53 of 3rd period - Icing by Zdeno Chara.
14:54 of 3rd period - Jori Lehtera wins face-off versus Calle Jarnkrok in COLUMBUS Blue Jackets zone.
14:54 of 3rd period - Jori Lehtera is hit by Nick Bjugstad.
15:19 of 3rd period - Calle Jarnkrok is hit by Joel Edmundson and loses puck.
15:41 of 3rd period - Shot by Matt Benning.
15:41 of 3rd period - Shot Hit the Post.
15:45 of 3rd period - Shot by Casey Cizikas.
15:45 of 3rd period - Deflect By Andre Burakovsky.
15:45 of 3rd period - Shot Misses the Net.
15:47 of 3rd period - Shot by Matt Benning.
15:47 of 3rd period - Shot Misses the Net.
15:49 of 3rd period - Shot by Calvin de Haan.
15:49 of 3rd period - Shot Misses the Net.
16:08 of 3rd period - Alex Killorn is hit by Justin Braun and loses puck.
16:24 of 3rd period - Icing by Calvin de Haan.
16:25 of 3rd period - Cody Eakin wins face-off versus Andre Burakovsky in COLUMBUS Blue Jackets zone.
16:26 of 3rd period - Shot by Markus Granlund.
16:26 of 3rd period - Stopped by Mike Smith without a rebound.
16:27 of 3rd period - Benoit Pouliot wins face-off versus Valtteri Filppula in COLUMBUS Blue Jackets zone.
16:54 of 3rd period - Off-side.
16:55 of 3rd period - Antoine Roussel wins face-off versus Jori Lehtera in neutral zone.
17:03 of 3rd period - Shot by Zdeno Chara.
17:03 of 3rd period - Shot Hit the Post.
17:20 of 3rd period - Icing by Zdeno Chara.
17:21 of 3rd period - Jori Lehtera wins face-off versus Cody Eakin in COLUMBUS Blue Jackets zone.
17:27 of 3rd period - Off-side.
17:28 of 3rd period - Valtteri Filppula wins face-off versus Cody Eakin in neutral zone.
17:39 of 3rd period - Shot by Loui Eriksson.
17:39 of 3rd period - Shot Blocked by Marc Methot.
17:41 of 3rd period - Shot by Olli Maatta.
17:41 of 3rd period - Shot Misses the Net.
17:58 of 3rd period - Benoit Pouliot is hit by Valtteri Filppula and loses puck.
18:21 of 3rd period - Shot by Joel Edmundson.
18:21 of 3rd period - Stopped by Charlie Lindgren without a rebound.
18:22 of 3rd period - Calle Jarnkrok wins face-off versus Casey Cizikas in VEGAS Golden Knights zone.
18:28 of 3rd period - Minor Penalty to Nick Bjugstad for Holding.
18:29 of 3rd period - Matt Stajan wins face-off versus Andre Burakovsky in VEGAS Golden Knights zone.
18:42 of 3rd period - Shot by Alex Killorn.
18:42 of 3rd period - Stopped by Charlie Lindgren without a rebound.
18:43 of 3rd period - Matt Stajan wins face-off versus Valtteri Filppula in VEGAS Golden Knights zone.
18:56 of 3rd period - Shot by Valtteri Filppula.
18:56 of 3rd period - Shot Misses the Net.
18:58 of 3rd period - Shot by Zdeno Chara.
18:58 of 3rd period - Shot Misses the Net.
19:00 of 3rd period - Shot by Zdeno Chara.
19:00 of 3rd period - Stopped by Charlie Lindgren with a rebound.
19:02 of 3rd period - Shot by Joel Edmundson.
19:02 of 3rd period - Shot Misses the Net.
19:04 of 3rd period - Shot by Valtteri Filppula.
19:04 of 3rd period - Shot Blocked by Justin Braun.
19:06 of 3rd period - Shot by Zdeno Chara.
19:06 of 3rd period - Stopped by Charlie Lindgren with a rebound.
19:12 of 3rd period - Shot by Joel Edmundson.
19:12 of 3rd period - Stopped by Charlie Lindgren without a rebound.
19:13 of 3rd period - Matt Stajan wins face-off versus Andre Burakovsky in VEGAS Golden Knights zone.
Goals for this period are 1 for COLUMBUS Blue Jackets vs 1 for VEGAS Golden Knights.
Shots for this period are 10 for COLUMBUS Blue Jackets vs 6 for VEGAS Golden Knights.